 Dungeon Crawl Stone Soup version 0.28-a0-1447-ga5a8893891 (webtiles) character file.

Game seed: 11944416701288256782

13 eustatius the Ducker (level 2, -3/23 HPs)
             Began as a Djinni Gladiator on Jan 11, 2022.
             Frozen to death by an endoplasm (7 damage)
             ... on level 2 of the Dungeon.
             The game lasted 00:02:40 (773 turns).

eustatius the Ducker (Djinni Gladiator)              Turns: 773, Time: 00:02:41

Health: -3/23      AC:  4    Str: 13    XL:     2   Next: 50%
Gold:   53         EV: 12    Int:  9    God:
                   SH:  0    Dex: 14

rFire   + + .      SeeInvis +   i - +2 dagger (holy)
rCold   x . .      Faith    .   (no shield)
rNeg    . . .      Spirit   .   b - +0 leather armour
rPois   ∞          Reflect  .   c - +0 helmet
rElec   .          Harm     .   (no cloak)
rCorr   .          Rampage  .   (no gloves)
Will    .....                   (boots unavailable)
Stlth   +.........              (no amulet)
HPRegen 0.07/turn               f - ring of see invisible
MPRegen 0.00/turn               (no ring)

@: flying
A: sickness immunity, fire resistance 2, cold vulnerability 1, float, innate
caster, hp casting, extra vitality 1
a: no special abilities


You were on level 2 of the Dungeon.
You visited 1 branch of the dungeon, and saw 2 of its levels.

You collected 53 gold pieces.

Inventory:

Hand Weapons
 a - a +0 rapier
 i - a +2 dagger of holy wrath (weapon)
Missiles
 d - 3 throwing nets (quivered)
 k - 16 poisoned darts
Armour
 b - a +0 leather armour (worn)
 c - a +0 helmet (worn)
 j - a +0 hat
Jewellery
 f - a ring of see invisible (left hand)
Scrolls
 e - a scroll of blinking
 h - a scroll of magic mapping {unknown}
Potions
 g - a potion of degeneration {unknown}


   Skills:
 + Level 2.0 Fighting
 + Level 3.1 Short Blades
 + Level 1.6 Throwing
 + Level 0.2 Armour
 + Level 3.4 Dodging


You had one spell level left.
You didn't know any spells.
Your spell library was empty.

Dungeon Overview and Level Annotations

Branches:
Dungeon (2/15)

Altars:

Shops:
D:1 :


Innate Abilities, Weirdness & Mutations

You are immune to sickness and miasma.
You are immune to poison.
Your flesh is very heat resistant. (rF++)
You are vulnerable to cold. (rC-)
You float through the air rather than walking.
You learn spells naturally, not from books.
Your magical power is your life essence.
You have superior vitality. (+4 MHP)


Message History

There is a fountain of clear blue water here.
Found a stone staircase leading down.
You reach down and open the door.
There is an open door here.
There is an open door here.
You reach down and open the door.
Found 16 poisoned darts.
There is an open door here.
Done exploring.
You see here 16 poisoned darts.
k - 16 poisoned darts Done exploring.
There is an open door here.
There is a stone staircase leading down here.
You fly downwards.
Found 25 sling bullets, 8 gold pieces and a ring mail.
There is a stone staircase leading up here.
An endoplasm comes into view.
The endoplasm quivers.
You see here 8 gold pieces.
You see here 8 gold pieces.
The endoplasm freezes you.
You are frozen.
You feel a terrible chill!
You hit the endoplasm but do no damage. The endoplasm freezes you.
You are frozen.
You feel a terrible chill!
You hit the endoplasm but do no damage. The endoplasm freezes you.
You are frozen.
You feel a terrible chill!
You hit the endoplasm.
You punch the endoplasm, but do no damage.
The endoplasm is severely wounded.
The endoplasm freezes you.
You are frozen.
You feel a terrible chill!
* * * LOW HITPOINT WARNING * * *
You hit the endoplasm.
The endoplasm is almost dead.
The endoplasm freezes you.
You are frozen!
You feel a terrible chill!
You die...

#. ##....##.## #..
#.#........
#..##........# .
........... ...
......#..#### ....
#..#..#.....
#....##..#........
#.....J@.$.#
##...##..###
#.......#
#.#.##..#
..#.#.##..#
(......<..#
..#.......#
......##...#
##...# #.....


You could see an endoplasm.

Vanquished Creatures
  A ball python (D:1)
  A giant cockroach (D:1)
  2 goblins (D:1)
  3 jackals (D:1)
  A kobold (D:1)
  2 bats (D:1)
10 creatures vanquished.

Notes
Turn   | Place    | Note
-------+----------+-------------------------------------------
     0 | D:1      | eustatius the Djinni Gladiator began the quest for the Orb.
     0 | D:1      | Reached XP level 1. HP: 18/18 MP: 0/0
   289 | D:1      | Reached XP level 2. HP: 15/23 MP: 0/0
   533 | D:1      | Found Kafymipo's Book Boutique.
   773 | D:2      | Frozen to death by an endoplasm

Illustrated notes

Levels and vault maps discovered:
D:1:      dpeg_arrival_renting, layout_basic, serial_glass, glass_columns_c,
          glass_columns_a, serial_shops, shop_fountains
D:2:      layout_loops_ring, serial_shops, nicolae_shop_behind_doors

Skill      XL: |  1  2 |
---------------+-------+-----
Short Blades   | 3 |  3.1
Fighting       | |  2.0
Throwing       | |  1.6
Armour         | |  0.2
Dodging        | |  3.4

Action                   || total
-------------------------++-------
Melee: Rapier            ||    19
       Dagger            ||    29
       Punch             ||     2
  Use: Scroll            ||     1
Armor: Leather armour    ||    17
Dodge: Dodged            ||    31

Table legend: (Time is in decaauts)
 A = Elapsed time spent in this place.
 B = Non-inter-level travel time spent in this place.
 C = Inter-level travel time spent in this place.
 D = Time resting spent in this place.
 E = Time spent auto-exploring this place.
 F = Levels seen in this place.
 G = Mean time per level.
                   A        B        C        D        E       F      G
               +--------+--------+--------+--------+--------+-----+--------+
         Total |    768 |    694 |     74 |      0 |    555 |   2 |  384.0 |
       Dungeon |    768 |    694 |     74 |      0 |    555 |   2 |  384.0 |
               +--------+--------+--------+--------+--------+-----+--------+

Top non-repeatable levels by time:
     D:1: 753 daAuts
     D:2: 14 daAuts
